[ AOE2 MATCH · #506672564 ]
UnrankedMongols vs Lithuanians
Player's team · LOSS
[ REPLAY ANALYSIS · EXTRACTED FROM THE RECORDED GAME ]
Feudal
10:02
Castle
20:13
Imperial
33:20
| APM avg | 82.0 |
| APM peak | 164 |
| eAPM avg | 27.4 |
| Villagers / military | 221 / 127 |
Focus
⚔️ 36.7% · 🌾 63.3%
Scout Cavalry ×41 · Archer ×35 · Mangudai ×32 · Trebuchet (Packed) ×7 · Spearman ×5 · Militia ×3
Feudal
9:05
Castle
22:43
Imperial
37:05
| APM avg | 50.4 |
| APM peak | 91 |
| eAPM avg | 31.4 |
| Villagers / military | 171 / 144 |
Focus
⚔️ 33.5% · 🌾 66.5%
Skirmisher ×65 · Knight ×61 · Scout Cavalry ×7 · Trebuchet (Packed) ×4 · Monk ×2 · Mangonel ×2
Match map
Initial resources + every placement click. Lines = walls · curves = elevation contours. ◆ gold · ⬟ stone · ● berries · ✦ relic · ◌ wall gap
Your base· Open — 6t gap
GAX | Gian's base· Open — 4t gap
Smoothed initial terrain · ◌ = detected wall gap · hover for details
Inputs per minute
— Black Lotus - - GAX | Gian
Build order — Black Lotus
First 150 of 528 actions detected
| 0:00 | Queue | Villager (Male) |
| 0:00 | Queue | Villager (Male) |
| 0:00 | Queue | Villager (Male) |
| 0:01 | Queue | Villager (Male) |
| 0:01 | Queue | Villager (Male) |
| 0:02 | Build | House |
| 0:03 | Build | House |
| 1:22 | Queue | Villager (Male) |
| 1:23 | Queue | Villager (Male) |
| 2:01 | Queue | Villager (Male) |
| 2:01 | Queue | Villager (Male) |
| 2:19 | Queue | Villager (Male) |
| 2:44 | Build | Barracks |
| 3:07 | Queue | Villager (Male) |
| 3:09 | Queue | Villager (Male) |
| 3:09 | Queue | Villager (Male) |
| 3:24 | Build | House |
| 3:39 | Queue | Villager (Male) |
| 3:47 | Queue | Militia |
| 3:59 | Queue | Villager (Male) |
| 4:08 | Queue | Villager (Male) |
| 4:17 | Queue | Militia |
| 4:51 | Queue | Villager (Male) |
| 4:51 | Queue | Villager (Male) |
| 4:55 | Research | Loom |
| 5:14 | Queue | Villager (Male) |
| 5:15 | Queue | Militia |
| 5:26 | Queue | Villager (Male) |
| 5:45 | Build | House |
| 5:47 | Research | Loom |
| 5:55 | Queue | Villager (Male) |
| 6:13 | Queue | Villager (Male) |
| 6:54 | Queue | Villager (Male) |
| 6:54 | Queue | Villager (Male) |
| 7:04 | Build | Lumber Camp |
| 7:45 | Research | Feudal Age |
| 8:00 | Queue | Villager (Male) |
| 8:19 | Queue | Villager (Male) |
| 8:39 | Queue | Villager (Male) |
| 8:47 | Build | Mining Camp |
| 9:07 | Build | House |
| 9:37 | Queue | Villager (Male) |
| 9:51 | Build | Mill |
| 10:02 | Age | Feudal Age |
| 10:04 | Build | Archery Range |
| 10:06 | Research | Double-Bit Axe |
| 10:10 | Queue | Villager (Male) |
| 10:27 | Queue | Spearman |
| 10:27 | Queue | Spearman |
| 10:38 | Build | Farm |
| 10:41 | Build | Farm |
| 10:45 | Queue | Archer |
| 10:52 | Build | House |
| 11:06 | Queue | Villager (Male) |
| 11:11 | Build | House |
| 11:12 | Build | Palisade Wall |
| 11:39 | Queue | Villager (Male) |
| 11:41 | Build | Farm |
| 11:45 | Build | House |
| 11:46 | Build | Palisade Wall |
| 11:49 | Queue | Spearman |
| 12:11 | Queue | Archer |
| 12:12 | Queue | Villager (Male) |
| 12:21 | Queue | Archer |
| 12:32 | Queue | Archer |
| 12:33 | Build | Farm |
| 12:48 | Queue | Villager (Male) |
| 13:14 | Queue | Archer |
| 13:14 | Queue | Villager (Male) |
| 13:16 | Build | Farm |
| 13:17 | Queue | Villager (Male) |
| 13:21 | Build | Farm |
| 13:25 | Build | Farm |
| 13:27 | Build | House |
| 13:28 | Queue | Archer |
| 13:47 | Build | Palisade Wall |
| 13:48 | Queue | Archer |
| 13:49 | Queue | Villager (Male) |
| 13:59 | Queue | Villager (Male) |
| 13:59 | Queue | Archer |
| 14:01 | Build | House |
| 14:01 | Queue | Villager (Male) |
| 14:06 | Build | Palisade Wall |
| 14:08 | Build | Palisade Wall |
| 14:09 | Queue | Archer |
| 14:17 | Build | Farm |
| 14:23 | Queue | Archer |
| 14:39 | Build | Palisade Wall |
| 14:41 | Queue | Archer |
| 14:41 | Queue | Villager (Male) |
| 14:44 | Build | Farm |
| 14:49 | Build | Farm |
| 14:53 | Queue | Villager (Male) |
| 14:55 | Build | Farm |
| 15:13 | Queue | Villager (Male) |
| 15:21 | Build | House |
| 15:22 | Build | House |
| 15:52 | Queue | Villager (Male) |
| 15:58 | Queue | Villager (Male) |
| 16:02 | Queue | Villager (Male) |
| 16:04 | Queue | Villager (Male) |
| 16:05 | Queue | Villager (Male) |
| 16:11 | Build | Palisade Wall |
| 16:24 | Queue | Villager (Male) |
| 16:35 | Queue | Villager (Male) |
| 16:36 | Build | Market |
| 16:42 | Queue | Archer |
| 17:32 | Research | Castle Age |
| 17:39 | Build | Blacksmith |
| 17:46 | Queue | Archer |
| 17:58 | Queue | Spearman |
| 18:04 | Queue | Archer |
| 18:13 | Queue | Villager (Male) |
| 18:14 | Queue | Archer |
| 18:17 | Research | Fletching |
| 18:23 | Queue | Archer |
| 18:34 | Research | Horse Collar |
| 18:41 | Queue | Archer |
| 19:01 | Research | Gold Mining |
| 19:50 | Build | Farm |
| 19:50 | Build | Farm |
| 19:57 | Queue | Villager (Male) |
| 20:13 | Age | Castle Age |
| 20:14 | Research | Crossbowman (upgrade) |
| 20:18 | Research | Bodkin Arrow |
| 20:30 | Build | Lumber Camp |
| 20:31 | Queue | Villager (Male) |
| 20:40 | Queue | Villager (Male) |
| 20:43 | Build | Town Center |
| 21:25 | Queue | Villager (Male) |
| 21:25 | Queue | Villager (Male) |
| 21:33 | Build | Monastery |
| 21:39 | Queue | Archer |
| 21:54 | Queue | Villager (Male) |
| 21:56 | Build | Farm |
| 21:58 | Queue | Villager (Male) |
| 22:05 | Build | Farm |
| 22:07 | Build | Farm |
| 22:09 | Queue | Villager (Male) |
| 22:23 | Queue | Archer |
| 22:24 | Queue | Villager (Male) |
| 22:26 | Build | Farm |
| 22:47 | Queue | Spearman |
| 22:50 | Queue | Villager (Male) |
| 22:52 | Queue | Monk |
| 23:11 | Queue | Villager (Male) |
| 23:11 | Queue | Villager (Male) |
| 23:18 | Build | Town Center |
| 23:33 | Queue | Villager (Male) |
| 23:33 | Queue | Villager (Male) |
Build order — GAX | Gian
First 150 of 465 actions detected
| 0:02 | Queue | Villager (Male) |
| 0:02 | Queue | Villager (Male) |
| 0:03 | Build | House |
| 0:04 | Build | House |
| 0:10 | Queue | Villager (Male) |
| 0:11 | Queue | Villager (Male) |
| 0:11 | Queue | Villager (Male) |
| 0:19 | Queue | Villager (Male) |
| 1:27 | Queue | Villager (Male) |
| 1:27 | Queue | Villager (Male) |
| 1:44 | Build | Mill |
| 1:53 | Queue | Villager (Male) |
| 2:19 | Queue | Villager (Male) |
| 2:54 | Queue | Villager (Male) |
| 3:00 | Build | House |
| 3:24 | Build | House |
| 3:30 | Queue | Villager (Male) |
| 3:36 | Build | House |
| 3:43 | Queue | Villager (Male) |
| 4:01 | Queue | Villager (Male) |
| 4:18 | Queue | Villager (Male) |
| 4:25 | Research | Loom |
| 4:26 | Queue | Villager (Male) |
| 4:38 | Queue | Villager (Male) |
| 4:48 | Queue | Villager (Male) |
| 5:05 | Queue | Villager (Male) |
| 5:29 | Queue | Villager (Male) |
| 6:06 | Build | Lumber Camp |
| 6:45 | Build | Palisade Wall |
| 6:55 | Research | Feudal Age |
| 7:20 | Build | House |
| 7:22 | Build | Palisade Wall |
| 7:23 | Build | Palisade Wall |
| 7:25 | Build | House |
| 7:28 | Queue | Villager (Male) |
| 7:51 | Queue | Villager (Male) |
| 8:19 | Build | Barracks |
| 8:25 | Queue | Villager (Male) |
| 9:05 | Age | Feudal Age |
| 9:14 | Queue | Villager (Male) |
| 9:33 | Build | Stable |
| 9:34 | Queue | Villager (Male) |
| 9:55 | Research | Double-Bit Axe |
| 9:55 | Research | Double-Bit Axe |
| 10:05 | Build | House |
| 10:10 | Queue | Villager (Male) |
| 10:10 | Queue | Scout Cavalry |
| 10:11 | Queue | Scout Cavalry |
| 10:25 | Queue | Scout Cavalry |
| 10:34 | Build | Mill |
| 10:40 | Build | Palisade Wall |
| 10:51 | Build | Palisade Wall |
| 10:55 | Build | Palisade Wall |
| 11:01 | Queue | Villager (Male) |
| 11:09 | Build | Farm |
| 11:10 | Build | Farm |
| 11:38 | Build | Farm |
| 11:38 | Build | Farm |
| 11:43 | Queue | Villager (Male) |
| 11:43 | Queue | Villager (Male) |
| 11:48 | Queue | Villager (Male) |
| 11:48 | Queue | Villager (Male) |
| 11:49 | Build | Farm |
| 12:11 | Build | Farm |
| 12:16 | Queue | Scout Cavalry |
| 12:30 | Queue | Villager (Male) |
| 12:31 | Build | Farm |
| 12:33 | Build | Farm |
| 12:48 | Queue | Villager (Male) |
| 13:17 | Queue | Villager (Male) |
| 13:19 | Build | Archery Range |
| 13:25 | Build | Farm |
| 13:31 | Build | House |
| 13:32 | Build | House |
| 13:38 | Queue | Villager (Male) |
| 13:39 | Queue | Villager (Male) |
| 13:40 | Build | House |
| 13:45 | Build | House |
| 13:46 | Build | Palisade Wall |
| 13:47 | Build | Palisade Wall |
| 13:47 | Build | Palisade Wall |
| 13:50 | Build | Palisade Wall |
| 13:53 | Queue | Villager (Male) |
| 13:53 | Queue | Villager (Male) |
| 13:59 | Build | House |
| 14:09 | Queue | Villager (Male) |
| 14:09 | Queue | Villager (Male) |
| 14:13 | Research | Horse Collar |
| 14:13 | Research | Horse Collar |
| 14:21 | Queue | Skirmisher |
| 14:21 | Queue | Skirmisher |
| 14:34 | Build | Farm |
| 14:37 | Queue | Villager (Male) |
| 14:37 | Queue | Villager (Male) |
| 14:49 | Build | Farm |
| 14:50 | Queue | Skirmisher |
| 14:50 | Queue | Skirmisher |
| 15:00 | Queue | Villager (Male) |
| 15:00 | Queue | Villager (Male) |
| 15:10 | Build | Palisade Wall |
| 15:13 | Queue | Skirmisher |
| 15:53 | Queue | Villager (Male) |
| 15:56 | Build | Lumber Camp |
| 15:58 | Queue | Villager (Male) |
| 16:03 | Build | Mining Camp |
| 16:14 | Queue | Villager (Male) |
| 16:19 | Build | Blacksmith |
| 16:21 | Queue | Villager (Male) |
| 16:24 | Build | House |
| 16:32 | Research | Town Watch |
| 16:33 | Queue | Skirmisher |
| 16:39 | Queue | Villager (Male) |
| 16:45 | Queue | Villager (Male) |
| 16:47 | Build | Farm |
| 16:52 | Build | House |
| 16:54 | Queue | Skirmisher |
| 17:06 | Build | Farm |
| 17:13 | Research | Fletching |
| 17:16 | Build | Palisade Wall |
| 17:17 | Build | Palisade Wall |
| 17:28 | Build | Farm |
| 17:28 | Build | Farm |
| 17:34 | Queue | Villager (Male) |
| 17:58 | Queue | Villager (Male) |
| 18:29 | Queue | Villager (Male) |
| 18:32 | Build | Market |
| 18:53 | Build | Farm |
| 18:55 | Build | Farm |
| 18:56 | Queue | Villager (Male) |
| 19:19 | Build | House |
| 19:24 | Build | House |
| 19:33 | Queue | Villager (Male) |
| 20:00 | Research | Castle Age |
| 20:04 | Build | House |
| 20:09 | Build | House |
| 20:19 | Build | House |
| 20:20 | Build | House |
| 20:26 | Build | House |
| 20:30 | Build | House |
| 20:40 | Build | House |
| 20:42 | Build | House |
| 20:44 | Build | House |
| 20:52 | Build | House |
| 20:53 | Build | House |
| 21:33 | Queue | Villager (Male) |
| 21:56 | Research | Scale Barding Armor |
| 21:57 | Research | Bloodlines |
| 22:10 | Research | Gold Mining |
| 22:21 | Build | Farm |
| 22:43 | Age | Castle Age |
Match timeline
| 2:44 | Black Lotus · first_building Barracks |
| 6:45 | GAX | Gian · wall_segment Palisade Wall x1 |
| 7:22 | GAX | Gian · wall_segment Palisade Wall x1 |
| 7:23 | GAX | Gian · wall_segment Palisade Wall x1 |
| 8:19 | GAX | Gian · first_building Barracks |
| 9:05 | GAX | Gian · age_up feudal |
| 9:33 | GAX | Gian · first_building Stable |
| 10:02 | Black Lotus · age_up feudal |
| 10:04 | Black Lotus · first_building Archery Range |
| 10:40 | GAX | Gian · wall_segment Palisade Wall x1 |
| 10:51 | GAX | Gian · wall_segment Palisade Wall x1 |
| 10:55 | GAX | Gian · wall_segment Palisade Wall x1 |
| 11:12 | Black Lotus · wall_segment Palisade Wall x8 |
| 11:46 | Black Lotus · wall_segment Palisade Wall x1 |
| 13:19 | GAX | Gian · first_building Archery Range |
| 13:46 | GAX | Gian · wall_segment Palisade Wall x1 |
| 13:47 | Black Lotus · wall_segment Palisade Wall x1 |
| 13:47 | GAX | Gian · wall_segment Palisade Wall x1 |
| 13:47 | GAX | Gian · wall_segment Palisade Wall x1 |
| 13:50 | GAX | Gian · wall_segment Palisade Wall x3 |
| 14:06 | Black Lotus · wall_segment Palisade Wall x4 |
| 14:08 | Black Lotus · wall_segment Palisade Wall x5 |
| 14:39 | Black Lotus · wall_segment Palisade Wall x1 |
| 15:10 | GAX | Gian · wall_segment Palisade Wall x14 |
| 16:11 | Black Lotus · wall_segment Palisade Wall x1 |
| 17:16 | GAX | Gian · wall_segment Palisade Wall x8 |
| 17:17 | GAX | Gian · wall_segment Palisade Wall x2 |
| 17:28 | Black Lotus · first_market_buy 100 food |
| 19:26 | GAX | Gian · first_market_buy 100 food |
| 19:29 | GAX | Gian · first_market_sell 100 wood |
| 20:13 | Black Lotus · age_up castle |
| 21:33 | Black Lotus · first_building Monastery |
| 22:43 | GAX | Gian · age_up castle |
| 23:22 | GAX | Gian · first_building Siege Workshop |
| 25:42 | GAX | Gian · first_building Monastery |
| 30:05 | Black Lotus · first_building Stable |
| 32:00 | Black Lotus · first_building Castle |
| 33:20 | Black Lotus · age_up imperial |
| 35:42 | Black Lotus · first_market_sell 500 wood |
| 37:05 | GAX | Gian · age_up imperial |
| 39:25 | GAX | Gian · first_building Castle |
| 42:38 | Black Lotus · wall_segment Stone Wall x1 |
| 42:50 | Black Lotus · wall_segment Stone Wall x1 |
| 46:04 | Black Lotus · resign |
[ AI ANALYSIS · 1 CREDIT ]
What really happened in this match?
Wolo.gg analyzes every decision: build order, eco, micro, common mistakes by bracket. Personalized analysis on WhatsApp or Discord in 30 seconds.
Civ guide
Mongols
Perfil
Jugador #941790